 Dungeon Sprint DCSS version 0.29-a0-857-g9b1aa3ac5b (webtiles) character file.

Game seed: 15954602452170200563

6309 manyhoops the Brawler (level 10, 0/119 HPs)
             Began as a Troll Berserker on July 17, 2022.
             Was the Champion of Trog.
             Killed by divine providence
             ... invoked by a sphinx
              (13 damage)
             ... in the Dungeon (Sprint II: "The Violet Keep of Menkaure").
             The game lasted 00:04:07 (560 turns).

manyhoops the Brawler (Troll Berserker)              Turns: 560, Time: 00:04:07

Health: 0/119      AC:  8    Str: 31    XL:     10   Next: 64%
Magic:  9/9        EV:  9    Int:  3    God:    Trog [******]
Gold:   554        SH:  0    Dex:  9    Spells: 9/9 levels left

rFire   + . .      SeeInvis .     - Unarmed
rCold   . . .      Faith    .   (no shield)
rNeg    . . .      Spirit   .   k - +0 troll leather armour
rPois   +          Reflect  .   (helmet restricted)
rElec   .          Harm     .   h - +1 cloak "Malos" {-Cast rPois rF+ Slay+2}
rCorr   .          Rampage  .   (gloves unavailable)
Will    .....      NoTele   +   (boots unavailable)
Stlth   +......... NoCast   +   (no amulet)
HPRegen 1.89/turn               p - ring of flight
MPRegen 0.11/turn               (no ring)

@: on berserk cooldown, flying, slowed, very slow
A: large, unfitting armour, claws 3, regeneration 1, shaggy fur 1, tough skin 1
a: Renounce Religion, Berserk, Trog's Hand, Brothers in Arms


You were in the Dungeon.
You worshipped Trog.
Trog was exalted by your worship.
You visited 1 branch You collected 1474 gold pieces.
You spent 920 gold pieces at shops.

Inventory:

Armour
 a - a +0 animal skin
 h - the +1 cloak "Malos" (worn) {-Cast rPois rF+ Slay+2}
   (You bought it in a shop in the Dungeon)

   Slay:      It affects your accuracy & damage with ranged weapons and melee
   (+2).
   rF:        It protects you from fire.
   rPois:     It protects you from poison.
   -Cast:     It prevents spellcasting.
 k - a +0 troll leather armour (worn)
Jewellery
 i - a ring of wizardry
 p - a ring of flight (left claw)
Scrolls
 g - a scroll of blinking
 m - 3 scrolls of enchant weapon
 o - 2 scrolls of silence
 s - a scroll of enchant armour
 u - a scroll of amnesia
 v - a scroll of vulnerability
 w - a scroll of immolation
Potions
 c - 2 potions of heal wounds
 d - a potion of haste
 e - 5 potions of magic
 f - a potion of berserk rage
 j - 2 potions of might
 l - a potion of cancellation
 n - a potion of degeneration {unknown}
 q - 3 potions of flight
 r - 3 potions of resistance {unknown}
 t - 2 potions of brilliance {unknown}


   Skills:
 + Level 13.2 Fighting
 - Level 2.4 Dodging
 + Level 20.3 Unarmed Combat


You had 9 spell levels left.
You didn't know any spells.
Your spell library was empty.

Dungeon Overview and Level Annotations

Branches:
Dungeon (1/1)

Altars:
Cheibriados
Dithmenos
Elyvilon
Fedhas
Gozag
Hepliaklqana
Kikubaaqudgha
Makhleb
Nemelex Xobeh
Okawaru
Qazlal
Ru
Sif Muna
Trog
Uskayaw
Vehumet
Wu Jian
Xom
Yredelemnul
Zin
The Shining One
Jiyva
Lugonu

Shops:
D :*:[==?=!?*(([!

Annotations:
D exclusion: oklob plant


Innate Abilities, Weirdness & Mutations

You are too large for most types of armour.
You have claws for hands.
Your natural rate of healing is unusually fast.
You are covered in fur. (AC +1)
You have tough skin. (AC +1)


Message History

The sphinx hits you but does no damage. The sphinx hits you.
You feel less confused.
The sphinx casts a spell.
You suddenly lose the ability to move!
The sphinx completely misses you. The sphinx hits you! The sphinx hits you.
The sphinx hits you but does no damage. The sphinx hits you. x2
The sphinx hits you! The sphinx hits you. x2
* * * LOW HITPOINT WARNING * * *
You can move again.
Unknown command.
You feel much better. The sphinx hits you. The sphinx closely misses you.
The sphinx hits you! x2
* * * LOW HITPOINT WARNING * * *
The sphinx hits you.
* * * LOW HITPOINT WARNING * * *
The sphinx hits you but does no damage.
The sphinx mumbles some strange words.
You are confused.
Okay, then.
You feel better. The sphinx hits you.
The sphinx hits you but does no damage. x2
The sphinx closely misses you. x2; The sphinx hits you but does no damage.
The sphinx casts a spell.
You suddenly lose the ability to move!
The sphinx hits you!
* * * LOW HITPOINT WARNING * * *
The sphinx hits you.
* * * LOW HITPOINT WARNING * * *
The sphinx hits you but does no damage.
The sphinx casts a spell.
Something smites you!
* * * LOW HITPOINT WARNING * * *
You can move again.
Unknown command.
Unknown command.
Blink to where?
Press: ? - help, Dir - move target
As you read the scroll of blinking, it crumbles to dust.
The sphinx casts a spell.
Something smites you!
You die...

▓...[)...▓▓,,,*,*,+≈,,≈+,*
▓([.(....▓▓,⌠,*,*,*≈,,≈*,*
▓..(..=..▓▓,,,*,*,*≈,,≈*,*
▓▓▓▓▓▓▓'▓▓▓▓+▓*,***≈,,≈***
≈≈≈≈≈≈§...≈≈≈▓,,,,,,,,**
#####'###.≈≈≈▓,,,,,,,**
._..#≈§≈##≈≈≈▓,,,,,,**
_._.#≈§§≈####▓▓▓▓▓≈**
._._#§≈≈≈§##..#$@▓≈*
_._.#§§≈§≈§#..#$.▓≈*
._..#§§§≈§≈§†.H$$▓≈*
_...#≈≈§§§§#H.#$.▓≈*
....#≈≈§≈≈≈▓§.#$$▓≈*
....#≈§≈≈▓▓▓▓▓▓▓▓▓≈*
#####§≈≈§▓,,,≈≈≈≈≈≈*
≈≈≈≈≈≈≈≈§▓,,,≈≈≈≈≈≈*
#####≈▓▓*▓*****≈≈≈≈*


You could see 2 sphinxes.

Vanquished Creatures
  2 boulder beetles (D)
  2 deep trolls (D)
  A yaktaur (D)
  3 polar bears (D)
  A hornet (D)
  2 wyverns (D)
  12 flying skulls (D)
  5 water moccasins (D)
  4 necrophages (D)
  A scorpion (D)
  3 worms (D)
36 creatures vanquished.

Vanquished Creatures (others)
  Menkaure (D)
  12 tentacles (D)
13 creatures vanquished.

Grand Total: 49 creatures vanquished

Notes
Turn   | Place    | Note
-------+----------+-------------------------------------------
     0 | D        | manyhoops the Troll Berserker began the quest for the Orb.
     0 | D        | Reached XP level 1. HP: 22/22 MP: 0/0
     1 | D        | Noticed a wyvern
     1 | D        | Noticed a wyvern
     7 | D        | Killed a wyvern
     8 | D        | Reached skill level 7 in Unarmed Combat
     8 | D        | Reached XP level 2. HP: 16/37 MP: 1/1
     8 | D        | Reached XP level 3. HP: 19/45 MP: 2/2
     8 | D        | Reached XP level 4. HP: 23/53 MP: 3/3
     8 | D        | Reached XP level 5. HP: 27/61 MP: 4/4
     8 | D        | Killed a wyvern
     9 | D        | Reached skill level 9 in Unarmed Combat
     9 | D        | Reached XP level 6. HP: 32/72 MP: 5/5
    45 | D        | Reached ** piety under Trog
    60 | D        | Noticed a boulder beetle
    60 | D        | Noticed a boulder beetle
    68 | D        | Reached skill level 10 in Unarmed Combat
    72 | D        | Reached *** piety under Trog
    73 | D        | Reached skill level 11 in Unarmed Combat
    81 | D        | Reached XP level 7. HP: 73/83 MP: 6/6
    85 | D        | Killed Menkaure
   103 | D        | Killed a boulder beetle
   104 | D        | Reached skill level 10 in Fighting
   104 | D        | Reached skill level 13 in Unarmed Combat
   104 | D        | Reached XP level 8. HP: 90/94 MP: 7/7
   114 | D        | Killed a boulder beetle
   115 | D        | Reached skill level 15 in Unarmed Combat
   138 | D        | Found Merghec's Antique Weapon Emporium.
   138 | D        | Found Kelituts's Antique Weapon Emporium.
   138 | D        | Found Onuwkeom's Distillery.
   138 | D        | Found Jilan's Distillery.
   138 | D        | Found Ubrauc's Assorted Antiques.
   138 | D        | Found Inaqiowk's Antique Armour Shoppe.
   139 | D        | Found Cetoodu's Magic Scroll Emporium.
   139 | D        | Found Meodo's Jewellery Shoppe.
   140 | D        | Found Mavon's Magic Scroll Shoppe.
   140 | D        | Found Fesseekk's Jewellery Emporium.
   142 | D        | Found Reemnu's Jewellery Emporium.
   142 | D        | Found Suyb's Antique Armour Shoppe.
   142 | D        | Noticed an oklob plant
   142 | D        | Noticed a slime creature
   142 | D        | Noticed a slime creature
   145 | D        | Found Fetra's Assorted Antiques.
   145 | D        | Found Gyg Sug's Book Emporium.
   145 | D        | Found Xucop's Book Shoppe.
   149 | D        | Bought 2 potions of heal wounds for 100 gold pieces
   151 | D        | Bought a warped cloak for 266 gold pieces
   151 | D        | Identified the +1 cloak "Malos" {-Cast rPois rF+ Slay+2}
                  | (You bought it in a shop in the Dungeon)
   158 | D        | Bought an encrusted bone ring for 135 gold pieces
   170 | D        | Reached **** piety under Trog
   173 | D        | Bought a potion of might for 52 gold pieces
   173 | D        | Bought a potion of heal wounds for 65 gold pieces
   175 | D        | Bought a scroll of identify for 20 gold pieces
   175 | D        | Bought a scroll of magic mapping for 75 gold pieces
   175 | D        | Bought a scroll of identify for 20 gold pieces
   178 | D        | Bought a scroll of blinking for 187 gold pieces
   193 | D        | Noticed a flying skull
   193 | D        | Noticed a flying skull
   193 | D        | Noticed a flying skull
   193 | D        | Noticed a flying skull
   194 | D        | Noticed a flying skull
   194 | D        | Noticed a flying skull
   195 | D        | Noticed a flying skull
   195 | D        | Noticed a flying skull
   196 | D        | Noticed a flying skull
   197 | D        | Noticed a flying skull
   202 | D        | Killed a flying skull
   203 | D        | Reached XP level 9. HP: 105/105 MP: 8/8
   209 | D        | Reached skill level 16 in Unarmed Combat
   221 | D        | Reached ***** piety under Trog
   223 | D        | Reached skill level 17 in Unarmed Combat
   248 | D        | Reached skill level 18 in Unarmed Combat
   270 | D        | Reached ****** piety under Trog
   271 | D        | Reached XP level 10. HP: 117/117 MP: 9/9
   271 | D        | Found a glowing silver altar of Zin.
   271 | D        | Found a radiant altar of Vehumet.
   272 | D        | Found a glowing golden altar of the Shining One.
   272 | D        | Found a basalt altar of Yredelemnul.
   272 | D        | Found a hide-covered altar of Uskayaw.
   273 | D        | Found a shimmering altar of Xom.
   273 | D        | Found a bloodstained altar of Trog.
   273 | D        | Found a burning altar of Makhleb.
   273 | D        | Found a sparkling altar of Nemelex Xobeh.
   274 | D        | Found an ornate altar of the Wu Jian Council.
   274 | D        | Found a shimmering blue altar of Sif Muna.
   274 | D        | Found a corrupted altar of Lugonu.
   274 | D        | Found a blossoming altar of Fedhas.
   274 | D        | Found an iron altar of Okawaru.
   274 | D        | Found an opulent altar of Gozag.
   275 | D        | Found a sacrificial altar of Ru.
   275 | D        | Found an ancient bone altar of Kikubaaqudgha.
   275 | D        | Found a white marble altar of Elyvilon.
   277 | D        | Found a stormy altar of Qazlal.
   277 | D        | Found a viscous altar of Jiyva.
   277 | D        | Found a shadowy altar of Dithmenos.
   278 | D        | Found a hazy altar of Hepliaklqana.
   278 | D        | Found a snail-covered altar of Cheibriados.
   289 | D        | Reached skill level 19 in Unarmed Combat
   292 | D        | Received a gift from Trog
   310 | D        | Noticed a kraken
   504 | D        | Noticed a deep troll
   504 | D        | Noticed a deep troll
   507 | D        | Killed a deep troll
   508 | D        | Reached skill level 20 in Unarmed Combat
   511 | D        | Killed a deep troll
   545 | D        | Noticed a sphinx
   545 | D        | Noticed a sphinx
   555 | D        | Paralysed by a sphinx for 2 turns
   558 | D        | Paralysed by a sphinx for 2 turns
   560 | D        | Killed from afar by a sphinx

Illustrated notes

Levels and vault maps discovered:
D:        the_violet_keep_of_menkaure [sprint2_stairs_cluster_1,
          sprint2_shoproom, sprint2_temple, sprint2_basic_supplies,
          sprint2_obstacle_1, sprint2_obstacle_4, sprint2_obstacle_6,
          sprint2_obstacle_3, sprint2_obstacle_2, sprint2_timed_cluster_1,
          sprint2_smallroom_cluster_1, sprint2_smallroom_final_cluster_1,
          sprint2_transparent_cluster_1, sprint2_second_timed_cluster_1,
          sprint2_sniper_area_1, sprint2_heavy_combat_area_1,
          sprint2_mutation_trap_area_1, sprint2_forest_area_1,
          sprint2_light_combat_area_1, sprint2_behind_water_1,
          sprint2_near_end_vault_1]

Skill      XL: |  1  2  3  4  5  6  7  8  9 10 |
---------------+-------------------------------+-----
Fighting       | 6 8 9 10 11 12 13 | 13.2
Unarmed Combat | 7 9 11 13 15 18 20 | 20.3
Dodging        | |  2.4

Action                   |  1- 3 |  4- 6 |  7- 9 | 10-12 || total
-------------------------+-------+-------+-------+-------++-------
Melee: Unarmed           |     5 |    20 |    72 |    24 ||   121
       Punch             |       |     2 |     3 |     7 ||    12
Invok: Berserk           |     1 |       |     1 |     3 ||     5
       Trog's Hand       |       |       |     3 |     2 ||     5
  Use: Scroll            |       |       |     1 |     9 ||    10
       Potion            |       |       |     1 |     2 ||     3
Armor: Animal skin       |       |     3 |    12 |     6 ||    21
       Troll leather arm |       |       |       |    13 ||    13
Dodge: Dodged            |     2 |     9 |    23 |    27 ||    61

Table legend: (Time is in decaauts)
 A = Elapsed time spent in this place.
 B = Non-inter-level travel time spent in this place.
 C = Inter-level travel time spent in this place.
 D = Time resting spent in this place.
 E = Time spent auto-exploring this place.
 F = Levels seen in this place.
 G = Mean time per level.
                   A        B        C        D        E       F      G
               +--------+--------+--------+--------+--------+-----+--------+
         Total |    594 |    594 |      0 |     15 |    109 |   1 |  594.0 |
       Dungeon |    594 |    594 |      0 |     15 |    109 |   1 |  594.0 |
               +--------+--------+--------+--------+--------+-----+--------+

Top non-repeatable levels by time:
       D: 594 daAuts
